[Event "Charlotte Spring-A 2022"]
[Site "Charlotte"]
[Date "2022.03.17"]
[Round "2.3"]
[White "Korley, Kassa"]
[Black "Panjwani, Raja"]
[Result "1/2-1/2"]
[ECO "E18"]
[WhiteElo "2399"]
[BlackElo "2436"]
[Annotator "ChessBase"]
[PlyCount "75"]
[EventDate "2022.03.16"]
[EventType "tourn"]
[EventCountry "USA"]
[SourceTitle "playchess.com"]
[Source "ChessBase"]
[SourceQuality "1"]
[TimeControl "5400+30"]

1. d4 Nf6 2. c4 e6 3. Nf3 b6 4. g3 Bb7 5. Bg2 Be7 6. O-O O-O 7. Nc3 Ne4 8. Bd2 f5 9. Qc2 Bf6 10. Rad1 d6 11. Ne1 Nxc3 12. Bxc3 Bxg2 13. Nxg2 Nd7 14. Nf4 Qe8 15. d5 Bxc3 16. Qxc3 Nc5 17. b4 e5 18. bxc5 exf4 19. cxd6 cxd6 20. gxf4 Qxe2 21. Rfe1 Qh5 22. Rd3 Rae8 23. Rxe8 Rxe8 24. Re3 Re4 25. Rxe4 fxe4 26. Qe3 Qe8 27. Kf1 Kf8 28. Qh3 h6 29. Qf5+ Kg8 30. h4 Kh8 31. h5 e3 32. Qe6 Qxh5 33. fxe3 Qf3+ 34. Ke1 h5 35. Qc8+ Kh7 36. Qf5+ Kg8 37. Qe6+ Kh7 38. Qf5+ 1/2-1/2

[Event "Charlotte Spring-A 2022"]
[Site "Charlotte"]
[Date "2022.03.18"]
[Round "4.2"]
[White "Korley, Kassa"]
[Black "Guo, Arthur"]
[Result "0-1"]
[ECO "E04"]
[WhiteElo "2399"]
[BlackElo "2412"]
[Annotator "ChessBase"]
[PlyCount "72"]
[EventDate "2022.03.16"]
[EventType "tourn"]
[EventCountry "USA"]
[SourceTitle "playchess.com"]
[Source "ChessBase"]
[SourceQuality "1"]
[TimeControl "5400+30"]

1. d4 Nf6 2. c4 e6 3. Nf3 d5 4. g3 dxc4 5. Bg2 c6 6. O-O b5 7. Ne5 Bb7 8. b3 cxb3 9. axb3 Nd5 10. e4 Nf6 11. Bb2 Be7 12. Qc2 O-O 13. Nd2 Qb6 14. Rfc1 Nfd7 15. Nd3 a5 16. e5 Rd8 17. Ne4 Na6 18. Ndc5 Nb4 19. Qe2 Qc7 20. h4 Bxc5 21. dxc5 Nxe5 22. f4 Ned3 23. Nf6+ gxf6 24. Bxf6 Nxc1 25. Rxc1 Nd5 26. Bxd5 Rxd5 27. Qg4+ Kf8 28. Qg7+ Ke8 29. Re1 Kd7 30. Qxh7 Rf8 31. h5 Kc8 32. h6 Rf5 33. Qg7 Rxf6 34. Qxf6 Qd8 35. Qa1 Rh8 36. Rd1 Qf8 0-1

[Event "Charlotte Spring-A 2022"]
[Site "Charlotte"]
[Date "2022.03.18"]
[Round "4.3"]
[White "Lee, Michael"]
[Black "Ostrovskiy, Aleksandr"]
[Result "0-1"]
[ECO "E11"]
[WhiteElo "2379"]
[BlackElo "2409"]
[Annotator "ChessBase"]
[PlyCount "100"]
[EventDate "2022.03.16"]
[EventType "tourn"]
[EventCountry "USA"]
[SourceTitle "playchess.com"]
[Source "ChessBase"]
[SourceQuality "1"]
[TimeControl "5400+30"]

1. d4 Nf6 2. c4 e6 3. Nf3 Bb4+ 4. Bd2 Qe7 5. Qc2 Bxd2+ 6. Nbxd2 d6 7. e4 e5 8. d5 a5 9. c5 dxc5 10. Nc4 O-O 11. a4 Nbd7 12. Bd3 b6 13. Ne3 Ne8 14. h4 Nd6 15. g4 Nf6 16. Rg1 c4 17. Bxc4 Nfxe4 18. Bd3 f5 19. gxf5 Nc5 20. Bc4 Kh8 21. Ng5 Nxc4 22. Qxc4 Ba6 23. Qc3 Nd3+ 24. Kd2 Nc5 25. Rg4 Rad8 26. Ne4 Nxe4+ 27. Rxe4 Bb7 28. Qxe5 Qf7 29. Rd4 Rfe8 30. Qf4 Bxd5 31. Ke1 c5 32. Rd2 Bb3 33. Rxd8 Rxd8 34. Kf1 Qf6 35. Qg5 Rd2 36. Ng4 Qxg5 37. hxg5 Rd4 38. Ne5 Bxa4 39. Kg2 Rf4 40. Nf7+ Kg8 41. Kg3 Rxf5 42. Nd6 Rxg5+ 43. Kf4 Rg6 44. Nf5 Rf6 45. Ke5 Bd7 46. Ne7+ Kf7 47. Nd5 Re6+ 48. Kf4 g5+ 49. Kg3 h5 50. f4 h4+ 0-1

[Event "Charlotte Spring-A 2022"]
[Site "Charlotte"]
[Date "2022.03.19"]
[Round "6.2"]
[White "Lee, Michael"]
[Black "Liang, Jason"]
[Result "1/2-1/2"]
[ECO "D31"]
[WhiteElo "2379"]
[BlackElo "2419"]
[Annotator "NA"]
[PlyCount "60"]
[EventDate "2022.03.16"]
[EventType "tourn"]
[EventCountry "USA"]
[SourceTitle "playchess.com"]
[Source "ChessBase"]
[SourceQuality "1"]
[TimeControl "5400+30"]

1. d4 d5 2. c4 e6 3. Nc3 a6 4. cxd5 exd5 5. Nf3 c6 6. Bf4 Bd6 7. Bxd6 Qxd6 8. e4 dxe4 9. Nxe4 Qe7 10. Qe2 Nd7 11. Nd6+ Kf8 12. Nc4 Ngf6 13. O-O-O Qxe2 14. Bxe2 Ne4 15. Rhf1 Ndf6 16. Nfe5 Be6 $11 17. f3 Bxc4 18. Nxc4 Ng5 19. Na5 Rb8 20. Bc4 Nd5 21. Rfe1 Ne6 22. Bxd5 cxd5 23. Re5 b6 24. Nb3 Rd8 25. Na1 Ke7 26. Nc2 f6 27. Re3 Kd6 28. Rde1 Rhe8 29. Kd2 Rc8 30. b3 Nc7 1/2-1/2

[Event "Charlotte Spring-A 2022"]
[Site "Charlotte"]
[Date "2022.03.19"]
[Round "6.3"]
[White "Bodek, Michael"]
[Black "Guo, Arthur"]
[Result "1-0"]
[ECO "C54"]
[WhiteElo "2418"]
[BlackElo "2412"]
[Annotator "NA"]
[PlyCount "75"]
[EventDate "2022.03.16"]
[EventType "tourn"]
[EventCountry "USA"]
[SourceTitle "playchess.com"]
[Source "ChessBase"]
[SourceQuality "1"]
[TimeControl "5400+30"]

1. e4 e5 2. Nf3 Nc6 3. Bc4 Bc5 4. c3 Nf6 5. d3 d6 6. O-O h6 7. Bb3 a6 8. Re1 Ba7 9. Nbd2 g5 10. Nf1 g4 11. N3d2 Nh5 12. Nc4 Qf6 13. Be3 Nf4 14. Bxa7 Nxa7 15. Nce3 h5 $14 16. Nd5 Nxd5 17. exd5 Bd7 18. d4 O-O-O 19. dxe5 dxe5 20. Qe2 Rhe8 21. c4 Kb8 22. Rac1 c5 23. Nd2 Qe7 24. Ne4 b6 25. Nc3 f5 26. Ba4 Nc8 27. Rb1 Ka7 28. Qc2 Nd6 29. Bxd7 Rxd7 30. Qa4 Rc7 31. b4 Qd7 32. bxc5 Qxa4 33. cxb6+ Ka8 34. Nxa4 Rxc4 35. b7+ Ka7 36. Nb6 Rb8 37. Nxc4 Nxc4 38. Rb4 1-0